 Dungeon Crawl Stone Soup version 0.20-a0-494-gf50ee04 (webtiles) character file.

817 Jmtri7 the Nimble (level 7, -4/52 HPs)
             Began as a Merfolk Monk on Jan 17, 2017.
             Was a Believer of Dithmenos.
             Slain by Pikel
             ... wielding a +0 whip of electrocution
              (9 damage)
             ... on level 5 of the Dungeon on Jan 18, 2017.
             The game lasted 00:17:14 (5593 turns).

Jmtri7 the Nimble (Merfolk Monk)                    Turns: 5593, Time: 00:17:14

Health: -4/52      AC:  3    Str: 11    XL:     7   Next: 94%
Magic:  7/7        EV: 21    Int: 10    God:    Dithmenos [**....]
Gold:   273        SH:  0    Dex: 18    Spells: 6/6 levels left

rFire    . . .     SeeInvis .   o - +2 dagger (speed)
rCold    . . .     Gourm    .   s - +0 robe
rNeg     . . .     Faith    +   (no shield)
rPois    .         Spirit   .   (no helmet)
rElec    .         Reflect  .   (no cloak)
rCorr    .         Harm     .   r - +0 pair of gloves
MR       .....                  (no boots)
Stlth    +++.......             B - amulet of faith
Regen    0.2/turn               (no ring)
                                (no ring)

@: wreathed by umbra
A: change form in water, swift swim, stealthy swim
a: Shadow Step, Renounce Religion


You were on level 5 of the Dungeon.
You worshipped Dithmenos.
Dithmenos was pleased with you.
You were not hungry.

You visited 2 branches of the dungeon, and saw 6 of its levels.

You collected 273 gold pieces.

Inventory:

Hand Weapons
 a - a +0 falchion
 o - a +2 dagger of speed (weapon)
Armour
 r - a +0 pair of gloves (worn)
 s - a +0 robe (worn)
Jewellery
 q - an uncursed amulet of regeneration
 B - an amulet of faith (around neck)
Wands
 m - a wand of disintegration (7/24)
 u - a wand of flame (29/48)
 y - a wand of lightning (3/15)
Scrolls
 f - 10 scrolls of identify {unknown}
 h - a scroll of amnesia {unknown}
 i - a scroll of recharging {unknown}
 k - a scroll of fog {unknown}
 l - 2 scrolls of noise {unknown}
 p - 3 scrolls of blinking {unknown}
 t - 4 scrolls of fear {unknown}
 A - a scroll of random uselessness {unknown}
Potions
 b - 2 potions of cure mutation {unknown}
 d - 2 potions of heal wounds {unknown}
 e - a potion of ambrosia {unknown}
 j - 4 potions of curing {unknown}
 v - a potion of brilliance {unknown}
 w - a potion of flight {unknown}
Comestibles
 c - 6 bread rations
 g - 2 beef jerkies
 n - 3 meat rations
 x - 3 chunks of flesh
 z - 2 fruits


   Skills:
 - Level 3.2 Fighting
 - Level 3.2 Long Blades
 + Level 11.6 Dodging
 - Level 2.1 Stealth


You had 6 spell levels left.
You didn't know any spells.

Dungeon Overview and Level Annotations

Branches:
Dungeon (5/15)             Temple (1/1) D:4

Altars:
Dithmenos
Gozag
Hepliaklqana
Kikubaaqudgha
Makhleb
Nemelex Xobeh
Okawaru
Qazlal
Ru
Trog
Uskayaw
Xom
Yredelemnul
Zin
The Shining One

Shops:
D:4 (   D:5 *

Annotations:
D:5 Pikel


Message History

You completely miss Pikel.
Pikel is lightly wounded.
You hit Pikel.
Pikel is moderately wounded.
Pikel hits you with a whip of electrocution!
* * * LOW HITPOINT WARNING * * *
You hit Pikel.
Pikel is moderately wounded.
Pikel closely misses you.
You hit Pikel.
Pikel is moderately wounded.
You hit Pikel but do no damage.
Pikel is moderately wounded.
Pikel completely misses you.
You hit Pikel but do no damage.
Pikel is moderately wounded.
You closely miss Pikel.
Pikel is moderately wounded.
Pikel hits you with a whip of electrocution!
You die...

#.####....#######
#.# #..........#
#.# #.[..#####.#
#.####....# #.#
#...##....# #.#
###.##....#####.#
#.##....#.....#
#.##....#.#####
#.##....#@#
#[##....#K#
#.#######.# #..
..# #### ###


You could see Pikel.

Vanquished Creatures
  4 slaves (D:5)
  A sky beast (D:5)
  A phantom (D:4)
  An ogre (D:4)
  A crimson imp (D:5)
  A bullfrog zombie (D:5)
  A gnoll shaman (D:4)
  A hound (D:5)
  Ijyb (D:2)
  A centaur skeleton (D:4)
  An orc wizard (D:3)
  3 worker ants (D:4)
  A hound skeleton (D:5)
  A worker ant zombie (D:5)
  8 adders
  4 gnolls
  An ooze (D:1)
  3 worms
  3 dart slugs
  4 leopard geckos
  14 orcs
  2 ball pythons
  6 giant cockroaches
  7 goblins
  13 hobgoblins
  21 jackals
  8 kobolds
  2 quokkas
  6 bats
  3 frilled lizards
  A leopard gecko skeleton (D:4)
  12 rats
137 creatures vanquished.

Notes
Turn   | Place    | Note
-------+----------+-------------------------------------------
     0 | D:1      | Jmtri7 the Merfolk Monk began the quest for the Orb.
     0 | D:1      | Reached XP level 1. HP: 18/18 MP: 1/1
   395 | D:1      | Reached XP level 2. HP: 10/24 MP: 2/2
   545 | D:1      | Reached skill level 5 in Dodging
   703 | D:1      | Found a glowing golden altar of the Shining One.
   956 | D:2      | Reached XP level 3. HP: 20/29 MP: 3/3
   960 | D:2      | Noticed Ijyb
   970 | D:2      | Killed Ijyb
   970 | D:2      | Reached skill level 6 in Dodging
   970 | D:2      | Reached XP level 4. HP: 10/35 MP: 4/4
  1799 | D:2      | Reached skill level 7 in Dodging
  2040 | D:2      | Reached XP level 5. HP: 41/41 MP: 5/5
  2458 | D:3      | Reached skill level 8 in Dodging
  3379 | D:4      | Found Agho's Weapon Emporium.
  3474 | D:4      | Found a staircase to the Ecumenical Temple.
  3486 | Temple   | Entered the Ecumenical Temple
  3612 | Temple   | Became a worshipper of Dithmenos the Shadowed
  3612 | Temple   | Reached * piety under Dithmenos
  3612 | Temple   | Reached ** piety under Dithmenos
  3762 | D:4      | Reached XP level 6. HP: 28/47 MP: 6/6
  4174 | D:4      | Found a bloodstained altar of Trog.
  4205 | D:4      | Reached skill level 9 in Dodging
  4323 | D:5      | Entered Level 5 of the Dungeon
  4341 | D:5      | Found Nehe's Assorted Antiques.
  4443 | D:5      | Reached skill level 10 in Dodging
  4443 | D:5      | Reached XP level 7. HP: 52/52 MP: 7/7
  4704 | D:4      | Reached skill level 11 in Dodging
  5571 | D:5      | Noticed Pikel
  5593 | D:5      | Slain by Pikel

Vault maps used:
D:1:      nicolae_arrival_somewhat_less_tricky_arrival, tso_altar
D:2:      uniq_iyjb
D:3:      minmay_misc_feat_cross
D:4:      marbit_many_paths, serial_shops,
          nicolae_shop_temple_entry_statues_fountains
D:5:      lemuel_upstairs_altar, first_bread, serial_shops,
          nicolae_shop_overgrown_old_shop, uniq_pikel
Temple:   eino_temple_water

Skill      XL: |  1  2  3  4  5  6  7 |
---------------+----------------------+-----
Dodging        | 5 6 7 8 10 11 | 11.6
Fighting       | |  3.2
Long Blades    | |  3.2
Stealth        | |  2.1

Action                   |  1- 3 |  4- 6 |  7- 9 || total
-------------------------+-------+-------+-------++-------
Melee: Falchion          |    76 |   116 |       ||   192
       Dagger            |       |   265 |   473 ||   738
 Stab: Sleeping          |     2 |     7 |       ||     9
  Eat: Chunk             |       |    11 |     5 ||    16
Armor: Robe              |    21 |    23 |    11 ||    55
Dodge: Dodged            |    70 |   297 |   266 ||   633
       Rpst.: Falchion   |    21 |    43 |       ||    64
